[Event "Team 45 45 League T55"]
[Site "Internet Chess Club"]
[Date "2013.01.14"]
[Round "8"]
[White "steadman"]
[Black "Ptzz"]
[Result "1-0"]
[WhiteElo "2152"]
[BlackElo "2155"]
[Opening "Bogo-Indian defense, Grünfeld variation"]
[ECO "E11"]
[Time "12:00:40"]
[TimeControl "2700+45"]

1. d4 Nf6 2. c4 e6 3. Nf3 Bb4+ 4. Nbd2 O-O 5. a3 Bxd2+ 6. Bxd2 h6 7. Qc2 d5 8.
g3 Nbd7 9. Bg2 Ne4 10. Bf4 c6 11. O-O g5 12. Be3 f5 13. Ne1 Qf6 14. Nd3 dxc4 15.
Qxc4 Nb6 16. Qc2 Nd6 17. Ne5 Nd5 18. Bd2 Nf7 19. e4 fxe4 20. Qxe4 Nxe5 21. dxe5
Qf5 22. Qe2 Kg7 23. f4 gxf4 24. gxf4 Kh8 25. Be4 Qh3 26. Kh1 Rg8 27. Rf3 Qh5 28.
Qf1 Rg4 29. Rh3 Qf7 30. Rxh6+ Kg8 31. Rh7 Rg7 32. Rxg7+ Kxg7 33. Qh3 {Black
resigns} 1-0

[Event "Team 45 45 League T55"]
[Site "Internet Chess Club"]
[Date "2013.01.13"]
[Round "8"]
[White "Jack-ONeill"]
[Black "PoisonPawn"]
[Result "1/2-1/2"]
[WhiteElo "2051"]
[BlackElo "2161"]
[Opening "Trompowsky attack (Ruth, Opocenský opening)"]
[ECO "A45"]
[Time "16:04:15"]
[TimeControl "2700+45"]

1. d4 Nf6 2. Bg5 e6 3. e4 h6 4. Bxf6 Qxf6 5. c3 d5 6. Nd2 c5 7. Ngf3 cxd4 8.
Nxd4 Bc5 9. N2b3 Bb6 10. Bb5+ Nc6 11. Qe2 Kd7 12. O-O a6 13. Ba4 Kc7 14. Rac1
Bd7 15. exd5 exd5 16. Qh5 g5 17. f4 Raf8 18. Kh1 Qd6 19. Bxc6 bxc6 20. c4 dxc4
21. Rxc4 Kb7 22. Qf3 Qd5 23. Qxd5 cxd5 24. Rcc1 Rc8 25. Rxc8 Rxc8 26. fxg5 hxg5
27. h3 Rf8 28. Rf6 g4 29. Rd6 Kc7 30. Rxd5 gxh3 31. Nc5 hxg2+ 32. Kxg2 Bc6 33.
Nxa6+ Kb7 34. Nxc6 Kxc6 35. Nb4+ Kc7 36. Rf5 Bd4 37. b3 f6 38. Kf3 Re8 39. Nd5+
Kd6 40. Nxf6 Re3+ 41. Kf4 Ke6 42. Ra5 Kxf6 43. Ra4 Bc5 44. Rc4 Re5 45. b4 Be3+
46. Kf3 Ke6 47. Re4 {Game drawn by mutual agreement} 1/2-1/2

[Event "Team 45 45 League T55"]
[Site "Internet Chess Club"]
[Date "2013.01.14"]
[Round "8"]
[White "oldsj"]
[Black "badmove"]
[Result "0-1"]
[WhiteElo "1632"]
[BlackElo "1670"]
[Opening "Ruy Lopez: closed, 7...O-O"]
[ECO "C88"]
[Time "08:23:40"]
[TimeControl "2700+45"]

1. e4 e5 2. Nf3 Nc6 3. Bb5 a6 4. Ba4 Nf6 5. O-O Be7 6. Re1 b5 7. Bb3 O-O 8. h3
Bb7 9. c3 d5 10. exd5 Nxd5 11. Nxe5 Nxe5 12. Rxe5 Nf4 13. f3 Bd6 14. Re1 Qg5 15.
g4 Nxh3+ 16. Kf1 Qh4 17. Qe2 Rae8 18. Bxf7+ Kxf7 {White resigns} 0-1

[Event "Team 45 45 League T55"]
[Site "Internet Chess Club"]
[Date "2013.01.12"]
[Round "8"]
[White "houseofcook"]
[Black "Tjet"]
[Result "1/2-1/2"]
[WhiteElo "1457"]
[BlackElo "1456"]
[Opening "King's pawn opening"]
[ECO "B07"]
[Time "14:05:14"]
[TimeControl "2700+45"]

1. e4 d6 2. d4 e5 3. dxe5 dxe5 4. Qxd8+ Kxd8 5. Nf3 f6 6. Be3 c6 7. Nc3 Kc7 8.
Be2 Be6 9. O-O Nd7 10. a3 Nh6 11. h3 Nf7 12. Rfd1 Bc5 13. Rxd7+ Kxd7 14. Bxc5
Kc7 15. Rd1 b6 16. Be3 Rad8 17. Rxd8 Rxd8 18. Bd3 g5 {Game drawn by mutual
agreement} 1/2-1/2

[Event "Team 45 45 League T55"]
[Site "Internet Chess Club"]
[Date "2013.01.12"]
[Round "8"]
[White "stanbeers"]
[Black "MateIn42"]
[Result "1-0"]
[WhiteElo "1447"]
[BlackElo "1327"]
[Opening "QGA: 3.e4"]
[ECO "D20"]
[Time "20:00:27"]
[TimeControl "2700+45"]

1. d4 d5 2. c4 dxc4 3. e4 e5 4. Nf3 exd4 5. Bxc4 Be7 6. O-O Bg4 7. Bxf7+ Kf8 8.
Bb3 Nc6 9. Bf4 Nf6 10. e5 Nd5 11. Bg3 h5 12. h3 Be6 13. Nxd4 Rh6 14. Nxe6+ Rxe6
15. Bxd5 Rg6 16. Qf3+ Ke8 17. Qf7+ Kd7 18. Bxc6+ {Black resigns} 1-0

[Event "Team 45 45 League T55"]
[Site "Internet Chess Club"]
[Date "2013.01.12"]
[Round "8"]
[White "dabodhi"]
[Black "wekabird"]
[Result "1-0"]
[WhiteElo "1416"]
[BlackElo "1110"]
[Opening "Caro-Kann: two knights variation"]
[ECO "B19"]
[Time "16:02:08"]
[TimeControl "2700+45"]

1. e4 c6 2. Nf3 d5 3. Nc3 dxe4 4. Nxe4 Bf5 5. Ng3 Bg6 6. h4 h6 7. d4 e6 8. Ne5
Bh7 9. Qf3 Nf6 10. c3 Be7 11. Bc4 O-O 12. O-O Nd5 13. Qg4 Bxh4 14. Bxh6 Bf6 15.
Nh5 Kh8 16. Bxg7+ Kg8 17. Bxf6+ Bg6 18. Bxd8 Rxd8 19. Nxg6 Rd7 20. Ne5+ Kf8 21.
Nxd7+ Nxd7 22. Qg7+ Ke7 23. Qg5+ N5f6 24. Nxf6 Nxf6 25. Rfe1 Rg8 26. Qc5+ Kd7
27. Rad1 b6 28. Qe5 Nd5 29. Bxd5 cxd5 30. c4 dxc4 31. d5 Re8 32. dxe6+ Kc8 33.
exf7 {Black resigns} 1-0

[Event "Team 45 45 League T55"]
[Site "Internet Chess Club"]
[Date "2013.01.14"]
[Round "8"]
[White "moodle"]
[Black "Kravier"]
[Result "1/2-1/2"]
[WhiteElo "1462"]
[BlackElo "1687"]
[Opening "Caro-Kann: advance variation"]
[ECO "B12"]
[Time "19:26:36"]
[TimeControl "2700+45"]

1. e4 c6 2. d4 d5 3. e5 Bf5 4. Nf3 h6 5. Nc3 e6 6. Bd3 Ne7 7. O-O Nd7 8. Be2 a6
9. Be3 Rc8 10. a4 c5 11. Ra3 cxd4 12. Bxd4 Nc6 13. Ra1 Qc7 14. Re1 Bb4 15. Bd3
Nxd4 16. Nxd4 Bxd3 17. Qxd3 Bxc3 18. bxc3 Qxc3 19. Reb1 Nxe5 20. Qxc3 Rxc3 21.
Rxb7 O-O 22. Ra7 Rc4 23. Nf3 Nxf3+ 24. gxf3 Rxc2 25. Rxa6 Rfc8 26. a5 Rc1+ 27.
Rxc1 Rxc1+ 28. Kg2 Kf8 29. Ra8+ Ke7 30. a6 Ra1 31. Ra7+ Kf6 32. f4 g5 33. Kg3
Rg1+ 34. Kf3 g4+ 35. Ke3 Ra1 {Game drawn by mutual agreement} 1/2-1/2

[Event "Team 45 45 League T55"]
[Site "Internet Chess Club"]
[Date "2013.01.13"]
[Round "8"]
[White "PANAMA-REY"]
[Black "tornado100"]
[Result "0-1"]
[WhiteElo "1470"]
[BlackElo "1431"]
[Opening "Sicilian: closed, 2...Nc6"]
[ECO "B23"]
[Time "11:00:20"]
[TimeControl "2700+45"]

1. e4 c5 2. Nc3 Nc6 3. Bb5 g6 4. Bxc6 bxc6 5. f4 d6 6. Nf3 Bg7 7. O-O Bg4 8. d3
Nf6 9. Qe1 Nd7 10. Rb1 Rb8 11. Qg3 Bxf3 12. Rxf3 Bxc3 13. Kh1 Bg7 14. f5 Ne5 15.
Rf1 O-O 16. c3 Nd7 17. Bd2 Qb6 18. Qh3 Nf6 19. Bg5 Qa6 20. a3 Rb6 21. g3 Qxd3
22. Rbd1 Qxe4+ 23. Kg1 Rxb2 24. Rde1 Re2 25. Bd2 Ng4 26. Rxe2 Qxe2 27. Bg5 Ne3
28. Bxe3 Qxe3+ 29. Kh1 Qxc3 30. Qg2 d5 31. h4 Rb8 32. h5 gxf5 33. Rxf5 Rb1+ 34.
Kh2 Rb2 35. Rf2 Rxf2 36. Qxf2 Be5 37. Kg2 Qxg3+ 38. Qxg3+ Bxg3 39. Kxg3 Kg7
{White resigns} 0-1

[Event "Team 45 45 League T55"]
[Site "Internet Chess Club"]
[Date "2013.01.13"]
[Round "8"]
[White "DeltaChess"]
[Black "pereelcoix"]
[Result "1-0"]
[WhiteElo "1301"]
[BlackElo "1481"]
[Opening "Caro-Kann: classical variation"]
[ECO "B18"]
[Time "16:17:39"]
[TimeControl "2700+45"]

1. e4 c6 2. d4 d5 3. Nc3 dxe4 4. Nxe4 Bf5 5. Ng3 Bg6 6. Nf3 Nd7 7. c4 e6 8. Be2
Ngf6 9. O-O Be7 10. Nh4 Nf8 11. Be3 Qb6 12. b3 O-O-O 13. Qc1 N8d7 14. d5 c5 15.
Rd1 Nf8 16. Bf3 Bd6 17. Nxg6 hxg6 18. Rb1 exd5 19. Bxd5 Nxd5 20. Rxd5 Nd7 21. b4
Qa6 22. bxc5 Be7 23. Qb2 Kb8 24. Ne4 f6 25. Nd6 Bxd6 26. Rxd6 b6 27. cxb6 Nxb6
28. Rbd1 Rxd6 29. Rxd6 Qa5 30. h3 Kb7 31. c5 Kc7 32. cxb6+ Kxd6 33. b7 Rb8 34.
Bf4+ Kc6 35. Bxb8 Qb6 36. Qxb6+ Kxb6 37. Bd6 Kxb7 38. Bf8 Kc6 39. Bxg7 f5 40. g4
fxg4 41. hxg4 Kd5 42. Kg2 Ke6 43. f4 Kd6 44. Kf3 Ke6 45. Ke4 Kf7 46. Bd4 a6
{Black resigns} 1-0

[Event "Team 45 45 League T55"]
[Site "Internet Chess Club"]
[Date "2013.01.10"]
[Round "8"]
[White "otib2006"]
[Black "Goldenberg"]
[Result "0-1"]
[WhiteElo "1328"]
[BlackElo "1573"]
[Opening "Queen's pawn game"]
[ECO "D02"]
[Time "16:00:29"]
[TimeControl "2700+45"]

1. d4 d5 2. Nf3 Bg4 3. e3 e6 4. Nbd2 Nf6 5. Bd3 c5 6. c3 c4 7. Bc2 Bd6 8. O-O
O-O 9. Qe2 Nc6 10. e4 Nd7 11. b3 b5 12. a4 b4 13. bxc4 bxc3 14. Nb3 Qh4 15. e5
Bxf3 16. Qxf3 Ndxe5 17. dxe5 Nxe5 18. Qh3 Qxh3 19. gxh3 Nxc4 20. Nd4 Bc5 21. Nb5
a6 22. Nxc3 Bd4 23. Ba3 Bxc3 24. Bxf8 Bxa1 25. Rxa1 Kxf8 26. Kg2 Ke7 27. Kf3 Rc8
28. Bd3 Kd6 29. h4 e5 30. h5 e4+ 31. Bxe4 dxe4+ 32. Kxe4 Nd2+ 33. Ke3 Nc4+ 34.
Kd4 Ne5 35. Rb1 Rc4+ 36. Ke3 Rxa4 37. Rb7 Kd5 38. f4 Re4+ 39. Kd2 Rxf4 40. Rb6
Nc4+ {White resigns} 0-1